[Event "Titled Tuesday Blitz May 31 Late 2022"]
[White "Drygalov, Andrey"]
[Black "Chigaev, Maksim"]
[WhiteFideId "24171735"]
[BlackFideId "4108116"]
[WhiteElo "2540"]
[BlackElo "2457"]
[Result "1-0"]
[Round "09"]
[TimeControl "180+1"]
[Date "2022.05.31"]
[WhiteClock "0:00:08"]
[BlackClock "0:00:03"]

1. e4 e6 2. d4 d5 3. Nd2 c5 4. exd5 Qxd5 5. Ngf3 cxd4 6. Bc4 Qd7 7. O-O Nf6 8. Nb3 Nc6 9. Nbxd4 Nxd4 10. Nxd4 a6 11. Re1 b5 12. Bf1 Bb7 13. c3 Be7 14. Bg5 O-O 15. Qe2 h6 16. Bh4 Ne4 17. Bxe7 Qxe7 18. f3 Nf6 19. Qe5 Qd8 20. Rad1 Qb8 21. a4 bxa4 22. Ra1 Qxe5 23. Rxe5 Nd7 24. Ra5 Nb6 25. c4 Rfc8 26. c5 Nd7 27. Rc1 Ne5 28. Rxa4 Rab8 29. b4 g5 30. Nc2 Kg7 31. Rd1 Ra8 32. Rd6 Kf6 33. Bxa6 Bxa6 34. Raxa6 Rxa6 35. Rxa6 Rd8 36. Ne3 h5 37. c6 Rd3 38. Kf2 Rb3 39. c7 Rb2+ 40. Kf1 Rb1+ 41. Ke2 Rc1 42. Kd2 1-0


[Site "https://www.chess.com"]

[Event "Titled Tuesday Blitz May 31 Late 2022"]
[White "Eljanov, Pavel"]
[Black "Lomaia, Diana"]
[WhiteFideId "14102951"]
[BlackFideId "13612476"]
[WhiteElo "2601"]
[BlackElo "1744"]
[Result "1-0"]
[Round "09"]
[TimeControl "180+1"]
[Date "2022.05.31"]
[WhiteClock "0:00:18"]
[BlackClock "0:00:32"]

1. d4 Nf6 2. c4 b6 3. f3 d5 4. cxd5 Qxd5 5. e4 Qh5 6. Nc3 e6 7. Nge2 Bb7 8. Ng3 Qa5 9. Bd2 Qb4 10. e5 Ng8 11. Nd5 Qxd4 12. Nxc7+ Kd7 13. Nxa8 Qxe5+ 14. Be2 Bd6 15. Bc3 Qc5 16. Ne4 Bxe4 17. fxe4 Nf6 18. Qa4+ Nc6 19. e5 Bxe5 20. O-O-O+ Nd5 21. Rxd5+ exd5 22. Qg4+ Ke7 23. Nc7 Bxc7 24. Qxg7 d4 25. Qxh8 dxc3 26. Qxc3 Qg5+ 27. Kb1 Qxg2 28. Bf3 Qg6+ 29. Ka1 Kd7 30. Rd1+ Bd6 31. Qxc6+ 1-0


[Site "https://www.chess.com"]

[Event "Titled Tuesday Blitz May 31 Late 2022"]
[White "Eynullayev, Atilla"]
[Black "Kobalia, Mikhail"]
[WhiteFideId "13413570"]
[BlackFideId "4119150"]
[WhiteElo "1936"]
[BlackElo "2667"]
[Result "0-1"]
[Round "09"]
[TimeControl "180+1"]
[Date "2022.05.31"]
[WhiteClock "0:00:03"]
[BlackClock "0:00:05"]

1. e4 c5 2. Nf3 e6 3. d4 cxd4 4. Nxd4 Nc6 5. Nc3 a6 6. Nxc6 bxc6 7. Bd3 d5 8. O-O Nf6 9. Re1 Be7 10. b3 O-O 11. Bb2 Bb7 12. Qf3 Nd7 13. Na4 Qc7 14. Rad1 Bf6 15. Bxf6 Nxf6 16. Nc5 Qb6 17. e5 Qxc5 18. exf6 g6 19. Qf4 Rfe8 20. Re3 Qf8 21. Rde1 c5 22. Rh3 c4 23. bxc4 dxc4 24. Bxc4 Rac8 25. Bd3 Rc5 26. Re5 Rxe5 27. Qxe5 Rc8 28. Qg5 Rc5 29. Qh4 h5 30. Qf4 a5 31. Re3 Bd5 32. Re5 Rc8 33. Qg3 Qh6 34. h3 h4 35. Qg4 Rb8 36. Rg5 Kf8 37. Bxg6 fxg6 38. Rxg6 Qc1+ 39. Kh2 e5 40. Qd7 Qf4+ 41. Rg3 hxg3+ 42. fxg3 Qxf6 43. Qxd5 Rd8 44. Qe4 Rd2 45. Qa8+ Kg7 46. Qe4 Rd4 47. Qb7+ Kh6 48. Qc8 e4 49. Qe8 a4 50. a3 Rc4 51. h4 Rc6 52. Qd7 Re6 53. Qd2+ e3 54. Qe2 Qf5 55. g4 Qf4+ 56. Kh3 Qf2 57. g5+ Kg7 58. Qc4 Qf5+ 59. g4 Qf3+ 60. Kh2 Qf2+ 61. Kh3 Qf3+ 62. Kh2 Re7 63. Qd4+ Kg8 64. Qd8+ Qf8 65. Qd5+ Qf7 66. Qd8+ Re8 67. Qd6 e2 68. g6 Qf2+ 69. Kh3 Qf3+ 70. Kh2 Qf2+ 71. Kh3 Qe3+ 72. Kh2 e1=Q 73. Qd5+ Qe6 0-1


[Site "https://www.chess.com"]

[Event "Titled Tuesday Blitz May 31 Late 2022"]
[White "Garcia, Gabriel Gonzaga"]
[Black "Jorquera, Marcelo"]
[WhiteFideId "2138956"]
[BlackFideId "3401197"]
[WhiteElo "2240"]
[BlackElo "2136"]
[Result "1-0"]
[Round "09"]
[TimeControl "180+1"]
[Date "2022.06.01"]
[WhiteClock "0:00:28"]
[BlackClock "0:00:01"]

1. e4 d5 2. Nc3 d4 3. Nce2 e5 4. f4 f6 5. Nf3 Bd6 6. fxe5 fxe5 7. Ng3 Be6 8. Bb5+ c6 9. Ba4 Na6 10. Bb3 Bxb3 11. axb3 d3 12. cxd3 Bc5 13. Nxe5 Qd4 14. Qh5+ g6 15. Nxg6 hxg6 16. Qxg6+ Kd8 17. Rf1 Ne7 18. Qe6 Nb4 19. Kd1 Qxd3 20. Qc4 Qxc4 21. bxc4 Kd7 22. h3 Nd3 23. Ke2 Rag8 24. Rf3 Ne5 25. Rb3 Kc7 26. d4 Bxd4 27. Bf4 Ng6 28. Be3 Bxe3 29. Kxe3 a6 30. Rf1 Rf8 31. Rxf8 Rxf8 32. Rc3 Nf4 33. Rc2 Ne6 34. Nf5 b5 35. cxb5 axb5 36. g4 Rh8 37. h4 Nxg4+ 38. Kf3 Ne5+ 39. Ke3 Nc4+ 40. Kd3 Kb6 41. Rh2 Nc5+ 42. Kd4 Rd8+ 43. Kc3 Nxe4+ 44. Kc2 Rd5 45. Ne7 Ne3+ 46. Kb1 Rd7 47. Ng6 1-0


[Site "https://www.chess.com"]

[Event "Titled Tuesday Blitz May 31 Late 2022"]
[White "Halkias, Stelios"]
[Black "Grischuk, Alexander"]
[WhiteFideId "4201809"]
[BlackFideId "4126025"]
[WhiteElo "2453"]
[BlackElo "2762"]
[Result "0-1"]
[Round "09"]
[TimeControl "180+1"]
[Date "2022.05.31"]
[WhiteClock "0:00:01"]
[BlackClock "0:00:04"]

1. Nf3 Nf6 2. c4 c5 3. Nc3 Nc6 4. e3 e6 5. d4 d5 6. cxd5 exd5 7. Bb5 cxd4 8. Nxd4 Bd7 9. O-O Bd6 10. e4 dxe4 11. Nxc6 Bxc6 12. Bxc6+ bxc6 13. Qa4 O-O 14. Nxe4 Nxe4 15. Qxe4 Re8 16. Qf3 Bc5 17. Bf4 Bd4 18. Qxc6 Rc8 19. Qa4 Qb6 20. Rad1 Red8 21. Bg3 Qxb2 22. Rfe1 h6 23. h3 Qb6 24. Rd2 Bc5 25. Rde2 Qc6 26. Qg4 Re8 27. Rxe8+ Rxe8 28. Rxe8+ Qxe8 29. Qd1 Bb6 30. Kh2 Qe6 31. Qc2 g5 32. a4 Kg7 33. Bc7 Bd4 34. g4 Qd5 35. Bg3 Be5 36. Qe2 Bxg3+ 37. fxg3 Qd4 38. Qc2 a5 39. Kg2 Qd5+ 40. Kf2 Qe5 41. Kf3 Qe1 42. Qb2+ Kh7 43. Qd4 Qf1+ 44. Ke4 Qxh3 45. Kf5 Qf1+ 46. Ke5 Qe2+ 47. Kd6 Qe6+ 48. Kc7 Kg6 49. Qb6 h5 50. gxh5+ Kxh5 51. Qf2 Kg4 52. Kb7 f5 53. Qd2 Qf6 0-1


[Site "https://www.chess.com"]

[Event "Titled Tuesday Blitz May 31 Late 2022"]
[White "Hansen, Eric"]
[Black "Andreikin, Dmitry"]
[WhiteFideId "2606771"]
[BlackFideId "4158814"]
[WhiteElo "2568"]
[BlackElo "2736"]
[Result "1/2-1/2"]
[Round "09"]
[TimeControl "180+1"]
[Date "2022.05.31"]
[WhiteClock "0:00:05"]
[BlackClock "0:00:07"]

1. d4 Nf6 2. c4 e6 3. Nc3 d5 4. cxd5 exd5 5. Bg5 c6 6. e3 Bf5 7. Qf3 Bg6 8. Bxf6 Qxf6 9. Qxf6 gxf6 10. Nf3 Nd7 11. Nh4 Be7 12. g3 f5 13. Ng2 Nf6 14. f3 O-O-O 15. Kf2 Ne8 16. Bd3 h5 17. h4 Bd6 18. Ne2 Nc7 19. Ngf4 Ne6 20. Rac1 Kd7 21. a3 a5 22. Nxg6 fxg6 23. Rc3 Ra8 24. Kg2 Rhe8 25. Rc2 Re7 26. Nc3 Rae8 27. Nd1 Nf8 28. Kf2 Kd8 29. Rc3 Nd7 30. Rc2 Kc7 31. Rc3 Kb8 32. Re1 Nb6 33. Re2 a4 34. Rcc2 Kc7 35. Kg2 Kd7 36. Kf2 Rf8 37. Kg2 Rb8 38. Kf2 Nc8 39. e4 fxe4 40. fxe4 dxe4 41. Bxe4 Rf7+ 42. Kg2 Ne7 43. Ne3 Rbf8 44. d5 c5 45. Nc4 b5 46. Nxd6 Kxd6 47. Bxg6 Nxg6 48. Re6+ Kxd5 49. Rxg6 c4 50. Rg5+ Rf5 51. g4 Rxg5 52. hxg5 Rg8 53. gxh5 Rxg5+ 54. Kf3 Rxh5 55. Rd2+ Kc5 56. Ke4 Rh4+ 57. Ke5 Rh5+ 58. Ke4 b4 59. Rd8 Rh4+ 60. Ke5 Rh5+ 61. Ke4 Rh4+ 62. Ke5 bxa3 63. Rc8+ Kb5 64. bxa3 Rh3 65. Rb8+ Kc5 66. Rc8+ Kb5 67. Rb8+ Kc6 68. Kd4 Rb3 69. Rc8+ Kb5 70. Rb8+ Ka5 71. Ra8+ Kb5 72. Rb8+ Kc6 73. Rc8+ Kd6 74. Rxc4 Rxa3 75. Rc3 Ra1 76. Kc4 Rb1 77. Ra3 Rc1+ 78. Kb4 Rh1 79. Rd3+ Ke5 80. Kxa4 Rh4+ 81. Kb3 Rd4 82. Rxd4 Kxd4 1/2-1/2


[Site "https://www.chess.com"]

[Event "Titled Tuesday Blitz May 31 Late 2022"]
[White "Harvey, Marcus R"]
[Black "Van Foreest, Jorden"]
[WhiteFideId "400092"]
[BlackFideId "1039784"]
[WhiteElo "2485"]
[BlackElo "2609"]
[Result "1/2-1/2"]
[Round "09"]
[TimeControl "180+1"]
[Date "2022.05.31"]
[WhiteClock "0:00:34"]
[BlackClock "0:01:21"]

1. Nf3 Nc6 2. d4 d5 3. c4 e6 4. Nc3 Nf6 5. cxd5 exd5 6. Bg5 Be7 7. e3 O-O 8. Bd3 Nb4 9. Bb1 c6 10. a3 Na6 11. h3 Nc7 12. O-O Nfe8 13. Bxe7 Qxe7 14. Ne5 Nd6 15. Bd3 Bf5 16. Bxf5 Nxf5 17. b4 f6 18. Nd3 Nd6 19. Nc5 a6 20. a4 Rae8 21. a5 Qf7 22. Re1 Re7 23. Re2 Rfe8 24. Qd3 Ncb5 25. Nxb5 Nxb5 26. Rae1 Nd6 27. f3 f5 28. g3 Qf6 29. Kg2 h6 30. g4 Kh8 31. Qc2 Nc4 32. e4 fxe4 33. fxe4 Qxd4 34. Qd3 Qxd3 35. Nxd3 Rxe4 36. Rxe4 Rxe4 37. Rxe4 dxe4 38. Nc5 Nd6 39. Kg3 g5 40. Kf2 Kg7 41. Ke3 Kf6 42. Kd4 Kf7 43. Ke5 Ke7 44. Kd4 Kf6 45. Nd7+ Ke7 46. Nc5 Kd8 47. Ke5 Ke7 48. Kd4 1/2-1/2


[Site "https://www.chess.com"]

[Event "Titled Tuesday Blitz May 31 Late 2022"]
[White "Jovic, Stevan"]
[Black "Rostovtsev, Dmitry"]
[WhiteFideId "923206"]
[BlackFideId "34278320"]
[WhiteElo "2203"]
[BlackElo "2274"]
[Result "0-1"]
[Round "09"]
[TimeControl "180+1"]
[Date "2022.05.31"]
[WhiteClock "0:00:40"]
[BlackClock "0:00:23"]

1. d4 Nf6 2. c4 e6 3. Nc3 Bb4 4. e3 O-O 5. Nf3 d5 6. Bd3 c5 7. cxd5 exd5 8. O-O Nc6 9. a3 Bxc3 10. bxc3 c4 11. Bc2 Bg4 12. h3 Bh5 13. Re1 Re8 14. Rb1 b6 15. Ba4 Rc8 16. Bxc6 Rxc6 17. Qa4 b5 18. Rxb5 Bxf3 19. gxf3 Qd7 20. Rc5 Rxc5 21. Qxd7 Nxd7 22. dxc5 Nxc5 23. Bd2 f5 24. Rb1 Nb3 25. Be1 f4 26. Rd1 fxe3 27. Rxd5 e2 28. f4 Nc1 29. Rb5 Nd3 30. Rb1 Nxf4 31. f3 Nxh3+ 32. Kg2 Nf4+ 33. Kg3 Nd3 34. Kg2 Kf7 35. a4 Kg6 36. a5 Re5 37. a6 Re6 38. f4 Nxf4+ 39. Kf3 Nd3 40. Ra1 Kf5 41. Ra5+ Re5 42. Rxe5+ Kxe5 43. Bg3+ Kd5 44. Kxe2 Nc5 45. Bb8 Nxa6 46. Bxa7 Ke4 47. Bb6 Nb8 48. Bd4 g5 49. Bf6 Kf5 50. Bg7 Nc6 51. Ke3 h5 52. Bf8 h4 53. Bd6 g4 54. Bc7 g3 55. Bd6 Kg4 56. Bc7 h3 57. Ke2 h2 0-1


[Site "https://www.chess.com"]

[Event "Titled Tuesday Blitz May 31 Late 2022"]
[White "Jumabayev, Rinat"]
[Black "Koellner, Ruben Gideon"]
[WhiteFideId "13702661"]
[BlackFideId "12993093"]
[WhiteElo "2561"]
[BlackElo "2590"]
[Result "1-0"]
[Round "09"]
[TimeControl "180+1"]
[Date "2022.05.31"]
[WhiteClock "0:00:26"]
[BlackClock "0:00:01"]

1. h3 Nf6 2. Nf3 d5 3. b3 Nbd7 4. Bb2 e6 5. c4 c6 6. Nc3 Bd6 7. e3 a6 8. g4 h6 9. Qc2 b5 10. Rg1 Bb7 11. g5 hxg5 12. Nxg5 Qe7 13. a4 b4 14. Ne2 a5 15. f4 e5 16. cxd5 cxd5 17. fxe5 Nxe5 18. Nd4 Rc8 19. Qf5 g6 20. Bb5+ Kf8 21. Qf2 Ne4 22. Nge6+ Kg8 23. Qf5 Qh4+ 24. Kd1 Qh5+ 25. Qxh5 Rxh5 26. Nf4 Rh4 27. Nf5 Nf3 28. Rf1 Rxf4 29. Nxd6 Nxd6 30. exf4 1-0


[Site "https://www.chess.com"]

[Event "Titled Tuesday Blitz May 31 Late 2022"]
[White "Kamsky, Gata"]
[Black "Abarca Gonzalez, Nicolas"]
[WhiteFideId "2000024"]
[BlackFideId "3409422"]
[WhiteElo "2645"]
[BlackElo "2504"]
[Result "1-0"]
[Round "09"]
[TimeControl "180+1"]
[Date "2022.05.31"]
[WhiteClock "0:00:12"]
[BlackClock "0:00:04"]

1. d4 Nf6 2. Nf3 g6 3. c3 Bg7 4. Bg5 O-O 5. Nbd2 d5 6. e3 Ne4 7. Nxe4 dxe4 8. Nd2 c5 9. Be2 cxd4 10. cxd4 Nc6 11. O-O Qd5 12. Bh4 e5 13. Bc4 Qd7 14. Nxe4 exd4 15. Nf6+ Bxf6 16. Bxf6 dxe3 17. fxe3 Qxd1 18. Raxd1 Bg4 19. Rd6 Rae8 20. h3 Be6 21. Bxe6 Rxe6 22. Rd7 b5 23. Rc7 a6 24. a3 Rfe8 25. e4 Ne7 26. Rf4 h6 27. h4 h5 28. Kh2 Nf5 29. e5 Ne3 30. Rd7 Ng4+ 31. Kg3 Nxf6 32. exf6 Re2 33. b4 R2e3+ 34. Kh2 Rxa3 35. Rfd4 Rae3 36. R4d6 R8e6 37. Rd8+ Kh7 38. R8d7 Rxd6 39. Rxd6 Re6 40. Rxe6 fxe6 41. Kg3 e5 42. Kf3 Kg8 43. Ke4 a5 44. bxa5 Kf7 45. a6 b4 46. a7 b3 47. a8=Q b2 48. Qb7+ Kxf6 49. Qxb2 g5 50. Qxe5+ 1-0


[Site "https://www.chess.com"]

[Event "Titled Tuesday Blitz May 31 Late 2022"]
[White "Karttunen, Mika"]
[Black "Jarocka, Liwia"]
[WhiteFideId "502081"]
[BlackFideId "21807558"]
[WhiteElo "2343"]
[BlackElo "1887"]
[Result "0-1"]
[Round "09"]
[TimeControl "180+1"]
[Date "2022.06.01"]
[WhiteClock "0:00:01"]
[BlackClock "0:00:43"]

1. e4 e5 2. Nf3 Nc6 3. d4 exd4 4. Nxd4 Bb4+ 5. c3 Bc5 6. Be3 Bb6 7. Bc4 Nf6 8. Nd2 O-O 9. Nxc6 dxc6 10. Bxb6 axb6 11. f3 Re8 12. Nf1 b5 13. Qxd8 Rxd8 14. Be2 Be6 15. a3 Nd7 16. O-O-O Nc5 17. Ne3 Kf8 18. Rxd8+ Rxd8 19. Rd1 Rxd1+ 20. Kxd1 Ke7 21. Kd2 f6 22. Bd3 h6 23. Bc2 Nd7 24. f4 Nb6 25. g3 Bc4 26. Nxc4 Nxc4+ 27. Kc1 Ne3 28. Bd3 Ng4 29. h4 Nf2 30. Kd2 Nh1 31. g4 Nf2 32. g5 hxg5 33. hxg5 fxg5 34. fxg5 Nh3 35. g6 Kf6 36. Ke3 Ke5 37. c4 bxc4 38. Bxc4 b6 39. a4 c5 40. b3 Nf4 41. Bf7 Nh5 42. Bd5 Nf6 43. Bc6 Nh5 44. Bd5 Nf4 45. Bf7 Nh3 46. Be8 Ng5 47. Bf7 Nxe4 48. Kd3 Nd6 49. Bg8 Kf6 50. Bh7 c6 51. Kc3 Ke5 52. Bg8 Ne4+ 53. Kd3 Nf6 54. Bf7 Nh5 55. Be8 Kd6 56. Kc4 Nf6 57. Bf7 Ne4 58. Kd3 Ng5 59. Be8 Ne6 60. Kc4 Nc7 61. Bf7 b5+ 62. Kc3 c4 63. a5 cxb3 64. Kxb3 c5 65. Kc3 Kc6 0-1


[Site "https://www.chess.com"]

[Event "Titled Tuesday Blitz May 31 Late 2022"]
[White "Kohler, Aran"]
[Black "Novikova, Galina"]
[WhiteFideId "1002856"]
[BlackFideId "4157095"]
[WhiteElo "2258"]
[BlackElo "1863"]
[Result "0-1"]
[Round "09"]
[TimeControl "180+1"]
[Date "2022.06.01"]
[WhiteClock "0:00:13"]
[BlackClock "0:00:13"]

1. e4 e6 2. d4 d5 3. Nc3 Bb4 4. Bd2 Bxc3 5. Bxc3 dxe4 6. d5 Nf6 7. dxe6 Qxd1+ 8. Rxd1 Bxe6 9. f3 exf3 10. Nxf3 O-O 11. Bxf6 gxf6 12. Bd3 a5 13. O-O Nd7 14. Nd4 Kg7 15. Nxe6+ fxe6 16. Bxh7 Ne5 17. Be4 c6 18. Rd6 Kf7 19. h3 Rfe8 20. b3 a4 21. Rd2 axb3 22. axb3 Red8 23. Rdf2 f5 24. g4 Rg8 25. Kh2 Rh8 26. gxf5 Ng4+ 27. Kg3 Nxf2 28. Rxf2 e5 29. f6 Rh6 30. Rf5 Rg8+ 31. Kh2 Re8 32. Rf2 Rxf6 33. Rd2 Re7 34. Kg3 Rf4 35. Re2 Kf6 36. Bf3 Rg7+ 37. Bg4 Rd4 38. Rf2+ Ke7 39. Rf5 Kd6 40. Rf6+ Kc5 41. Rf3 b5 42. c3 Rd2 43. Kh4 Re7 44. Re3 Rb2 45. b4+ Kc4 46. Be2+ Rxe2 47. Rxe2 Kxc3 48. Re4 Kd3 49. Rg4 e4 50. Kg5 e3 51. Kf6 Re4 52. Rg3 Kd2 0-1


[Site "https://www.chess.com"]

[Event "Titled Tuesday Blitz May 31 Late 2022"]
[White "Kollars, Dmitrij"]
[Black "Jones, Gawain C B"]
[WhiteFideId "12909572"]
[BlackFideId "409561"]
[WhiteElo "2584"]
[BlackElo "2657"]
[Result "1-0"]
[Round "09"]
[TimeControl "180+1"]
[Date "2022.05.31"]
[WhiteClock "0:00:09"]
[BlackClock "0:00:04"]

1. e4 e5 2. Nf3 Nc6 3. Bc4 Bc5 4. c3 Nf6 5. d4 exd4 6. cxd4 Bb4+ 7. Nbd2 d5 8. exd5 Nxd5 9. O-O O-O 10. a3 Bxd2 11. Bxd2 Nb6 12. Bb5 Bg4 13. Bxc6 bxc6 14. h3 Bxf3 15. Qxf3 Qxd4 16. Bc3 Qd6 17. Rad1 Qg6 18. Rd4 f5 19. Rc1 Nd5 20. Rc4 Rad8 21. Bd4 a5 22. Rxc6 Qf7 23. Be5 Rd7 24. R6c5 Re8 25. Bf4 a4 26. R5c4 Nxf4 27. Qxf4 Re4 28. Rxe4 fxe4 29. Qxe4 Rd2 30. Qa8+ Qf8 31. Qxf8+ Kxf8 32. Rxc7 Rxb2 33. Ra7 h5 34. Rxa4 Kf7 35. h4 Ra2 36. Ra6 g6 37. g3 Rc2 38. Kg2 Rc3 39. a4 Ra3 40. a5 Kg7 41. Ra8 Kh7 42. a6 Kg7 43. Kf1 Ra2 44. Ke1 Kh7 45. f4 Kg7 46. Kd1 Ra3 47. Kc2 Rxg3 48. Kb2 Rg2+ 49. Kb3 Rg3+ 50. Kb4 Rg4 51. Kb5 Rxf4 52. Rc8 Rf1 53. a7 Rb1+ 54. Kc6 Rc1+ 55. Kd7 Rd1+ 56. Ke6 Re1+ 57. Kd5 Ra1 58. a8=Q Rxa8 59. Rxa8 g5 60. hxg5 Kg6 61. Rg8+ Kh7 62. Re8 Kg6 63. Re5 h4 64. Ke4 h3 65. Kf3 1-0


[Site "https://www.chess.com"]

[Event "Titled Tuesday Blitz May 31 Late 2022"]
[White "Korchmar, Vasiliy"]
[Black "Petrovic, Aleksa"]
[WhiteFideId "24131750"]
[BlackFideId "967629"]
[WhiteElo "2370"]
[BlackElo "2144"]
[Result "1/2-1/2"]
[Round "09"]
[TimeControl "180+1"]
[Date "2022.05.31"]
[WhiteClock "0:00:03"]
[BlackClock "0:00:03"]

1. e4 c6 2. d4 d5 3. e5 c5 4. dxc5 e6 5. Be3 Nd7 6. Bb5 Qc7 7. b4 Qxe5 8. Nd2 a6 9. Bd3 Qc3 10. Rb1 Ne5 11. Be2 Nc4 12. Bxc4 dxc4 13. Ne2 Qe5 14. Nxc4 Qc7 15. O-O Bd7 16. Ng3 Bb5 17. Nd6+ Bxd6 18. cxd6 Qd7 19. Re1 Nf6 20. Bg5 O-O-O 21. Ne4 Nxe4 22. Bxd8 Nc3 23. Qd4 Nxb1 24. Bc7 Qc6 25. Rxb1 f6 26. a4 Qxc2 27. Ra1 Bc6 28. b5 Qe4 29. Qxe4 Bxe4 30. f3 Bd3 31. Rd1 Be2 32. Re1 Bc4 33. bxa6 bxa6 34. Rc1 Bd5 35. Rb1 Kd7 36. Kf2 Ra8 37. a5 Ra7 38. Ke3 Rb7 39. Rc1 Rb3+ 40. Kf2 Rb2+ 41. Kg3 Rb5 42. h4 h5 43. Rc3 Rb3 44. Rc2 g5 45. hxg5 fxg5 46. Kh2 g4 47. Re2 gxf3 48. gxf3 Rxf3 49. Rg2 Rf7 50. Rg8 Rf2+ 51. Kg1 Rf7 52. Rd8+ Kc6 53. Rh8 Rxc7 54. dxc7 Kxc7 55. Rxh5 Kc6 56. Rh2 Kb5 57. Rb2+ Kxa5 58. Kf2 Ka4 59. Ke3 a5 60. Kd4 Ka3 61. Kc3 a4 62. Re2 Bb3 63. Rb2 e5 64. Re2 e4 65. Rxe4 Ka2 66. Re2+ Kb1 67. Kb4 Kc1 68. Kc3 Kd1 69. Rh2 Ke1 70. Rb2 Kf1 71. Rd2 Kg1 72. Rb2 Kh1 73. Kd3 Bd5 74. Ke3 a3 75. Rb5 a2 76. Ra5 Kg2 77. Kd2 Kf3 78. Kc2 Ke4 79. Kb2 Ke5 80. Ra4 Ke6 81. Ra3 Ke5 82. Re3+ Kd6 83. Re1 Kc5 84. Rd1 Kd6 85. Rc1 Ke5 86. Ka1 Kd6 87. Re1 Kc5 88. Rg1 Kd6 89. Rg5 Kc5 90. Rh5 Kc4 91. Rh4+ Kc5 92. Kb2 Kc6 93. Rg4 Kd6 94. Rg1 Kc5 95. Kc3 Kd6 96. Kd4 Be6 97. Rc1 Bd5 98. Rg1 Be6 99. Ra1 Bd5 100. Kc3 Kc5 101. Re1 Bc6 102. Re5+ Bd5 103. Kb2 Kd4 104. Re8 Bc4 105. Rd8+ Kc5 106. Rc8+ Kd4 107. Ra8 Kc5 108. Kc3 Bd5 109. Ra5+ Kd6 110. Kd4 Be6 111. Ra6+ Kd7 112. Ke5 Bc4 113. Ra4 Bb3 114. Ra3 Kc6 115. Kd4 Bf7 116. Kc3 Kb5 117. Ra7 Be6 118. Kb2 Bd5 119. Rd7 Kc5 120. Ra7 Kd4 121. Ra4+ Ke5 122. Kc3 Be6 123. Ra5+ Kf6 124. Kd4 Bf5 125. Ke3 Be6 1/2-1/2


[Site "https://www.chess.com"]

[Event "Titled Tuesday Blitz May 31 Late 2022"]
[White "Kosteniuk, Alexandra"]
[Black "Blackman, Justin"]
[WhiteFideId "4128125"]
[BlackFideId "11100516"]
[WhiteElo "2469"]
[BlackElo "2112"]
[Result "1/2-1/2"]
[Round "09"]
[TimeControl "180+1"]
[Date "2022.05.31"]
[WhiteClock "0:00:36"]
[BlackClock "0:00:48"]

1. e4 e5 2. Nf3 Nc6 3. Bc4 Bc5 4. c3 Nf6 5. d4 exd4 6. b4 Be7 7. e5 Ne4 8. b5 Na5 9. Bd3 d5 10. exd6 Nxd6 11. Qa4 c5 12. cxd4 c4 13. Bc2 Bd7 14. Bd2 b6 15. Na3 a6 16. Bxa5 bxa5 17. Nxc4 Nxc4 18. Qxc4 Bxb5 19. Qb3 Bb4+ 20. Nd2 O-O 21. O-O-O Rc8 22. Kb1 Bc3 23. Ne4 a4 24. Qa3 Qa5 25. Nxc3 Rxc3 26. Bxh7+ Kxh7 27. Qxf8 Bd3+ 28. Rxd3 Qb5+ 29. Ka1 Qxd3 30. Qxf7 Qxd4 31. Qh5+ Kg8 32. Qe8+ Kh7 33. Qh5+ Kg8 34. Qe8+ Kh7 35. Qh5+ 1/2-1/2


[Site "https://www.chess.com"]

[Event "Titled Tuesday Blitz May 31 Late 2022"]
[White "Kraus, Tomas"]
[Black "Gomez Dieguez, David"]
[WhiteFideId "331708"]
[BlackFideId "22223630"]
[WhiteElo "2389"]
[BlackElo "2115"]
[Result "1-0"]
[Round "09"]
[TimeControl "180+1"]
[Date "2022.06.01"]
[WhiteClock "0:00:13"]
[BlackClock "0:00:30"]

1. Nc3 d5 2. e4 dxe4 3. Nxe4 Nf6 4. Nxf6+ exf6 5. d4 Bd6 6. Bd3 O-O 7. Ne2 Re8 8. Be3 Nd7 9. c3 Nf8 10. Qc2 Be6 11. O-O Rc8 12. Rad1 Qe7 13. c4 c5 14. d5 Bg4 15. Rfe1 Qc7 16. h3 Bh5 17. Rc1 Bg6 18. Nc3 a6 19. Re2 Bf4 20. Rce1 Bxe3 21. Rxe3 Rxe3 22. Rxe3 Qd7 23. a4 Re8 24. Rxe8 Qxe8 25. Qe2 Qxe2 26. Bxe2 Nd7 27. f4 Bc2 28. a5 Kf8 29. Kf2 Ke7 30. Ke3 Kd6 31. Bd3 Bxd3 32. Kxd3 f5 33. Nd1 Nf6 34. Ne3 g6 35. g4 fxg4 36. hxg4 h5 37. g5 Ne8 38. Ng2 Kc7 39. Nh4 Nd6 40. b3 b5 41. axb6+ Kxb6 42. Ke3 Ka5 43. f5 gxf5 44. Kf4 Kb4 45. Nxf5 Nxf5 46. Kxf5 Kxb3 47. d6 a5 48. d7 a4 49. d8=Q a3 50. Qd3+ Kb2 51. Qd2+ Kb3 52. Qc1 a2 53. Qa1 Kxc4 54. Qxa2+ Kd3 55. Kf6 c4 56. Kxf7 c3 57. g6 c2 58. Qa3+ Kd2 59. g7 c1=Q 60. Qxc1+ Kxc1 61. g8=Q h4 62. Qh7 h3 63. Qxh3 Kd1 64. Qg2 Ke1 1-0


[Site "https://www.chess.com"]

[Event "Titled Tuesday Blitz May 31 Late 2022"]
[White "Kujawski, Adam"]
[Black "Estrada Nieto, Julian"]
[WhiteFideId "1100920"]
[BlackFideId "5101018"]
[WhiteElo "1982"]
[BlackElo "2252"]
[Result "0-1"]
[Round "09"]
[TimeControl "180+1"]
[Date "2022.06.01"]
[WhiteClock "0:00:01"]
[BlackClock "0:00:16"]

1. e4 e5 2. Nf3 Nc6 3. Bb5 a6 4. Ba4 Nf6 5. O-O Be7 6. Re1 b5 7. Bb3 d6 8. c3 O-O 9. h3 Bb7 10. d3 Na5 11. Bc2 c5 12. Nbd2 Re8 13. Nf1 h6 14. Ne3 Bf8 15. Nf5 d5 16. Qe2 c4 17. Nd2 Qc8 18. Qf3 Qe6 19. b4 cxd3 20. Bxd3 Nc4 21. Ng3 Rad8 22. Nxc4 bxc4 23. Bc2 d4 24. Nf5 d3 25. Ba4 d2 26. Bxd2 Rxd2 27. Bxe8 Nxe8 28. a4 Nf6 29. Rad1 Bxe4 30. Nxh6+ Kh7 31. Rxe4 Rxd1+ 32. Qxd1 Nxe4 33. Qc2 gxh6 34. Qxe4+ f5 35. Qb7+ Bg7 36. b5 axb5 37. axb5 e4 38. g3 e3 39. fxe3 Qxe3+ 40. Kg2 Qd2+ 41. Kh1 Qxc3 42. b6 Kg6 43. Qc6+ Qf6 44. Qxc4 Qxb6 45. h4 Qe3 46. Kh2 Qe4 47. Qa6+ Bf6 48. Qd6 h5 0-1


[Site "https://www.chess.com"]

[Event "Titled Tuesday Blitz May 31 Late 2022"]
[White "Leitao, Rafael"]
[Black "Przybylski, Wojciech"]
[WhiteFideId "2101246"]
[BlackFideId "1117599"]
[WhiteElo "2609"]
[BlackElo "2133"]
[Result "0-1"]
[Round "09"]
[TimeControl "180+1"]
[Date "2022.06.01"]
[WhiteClock "0:00:16"]
[BlackClock "0:00:14"]

1. c4 Nf6 2. Nc3 e6 3. e4 d5 4. e5 d4 5. exf6 dxc3 6. bxc3 gxf6 7. d4 Nc6 8. Nf3 b6 9. c5 Bb7 10. Bb5 Qd5 11. O-O O-O-O 12. Qe2 Rg8 13. Ba6 e5 14. Bxb7+ Kxb7 15. Be3 f5 16. cxb6 axb6 17. Rad1 f4 18. Bc1 e4 19. Ne1 f3 20. Qe3 Qf5 21. g3 Bd6 22. c4 Bb4 23. Bd2 Rxd4 24. Nc2 Rd3 25. Qh6 Bxd2 26. Rxd2 Rxd2 27. Qxd2 Qh3 28. Ne3 Rd8 29. Qc2 f5 30. Rd1 Nd4 31. Rxd4 Rxd4 32. c5 f4 33. c6+ Kb8 34. Nf1 0-1


[Site "https://www.chess.com"]

[Event "Titled Tuesday Blitz May 31 Late 2022"]
[White "Livaic, Leon"]
[Black "Indjic, Aleksandar"]
[WhiteFideId "14531534"]
[BlackFideId "911925"]
[WhiteElo "2540"]
[BlackElo "2616"]
[Result "1-0"]
[Round "09"]
[TimeControl "180+1"]
[Date "2022.05.31"]
[WhiteClock "0:00:07"]
[BlackClock "0:00:05"]

1. d4 Nf6 2. c4 e6 3. Nf3 c5 4. d5 d6 5. Nc3 exd5 6. cxd5 g6 7. e4 a6 8. Bg5 h6 9. Bh4 g5 10. Bg3 Nh5 11. Nd2 Nxg3 12. hxg3 b5 13. Qc2 Nd7 14. a4 b4 15. Nd1 Rb8 16. Ne3 b3 17. Qc3 Rg8 18. Ndc4 Bg7 19. Nxd6+ Kf8 20. Qd2 Rb4 21. Ndc4 Ne5 22. Be2 Nxc4 23. Nxc4 Qe8 24. O-O Bd4 25. Rfe1 Rg6 26. e5 Bb7 27. d6 Bd5 28. Ne3 Qxe5 29. d7 Qd6 30. Nf5 Qxd7 31. Nxd4 Rxd4 32. Qc3 Rc6 33. Rad1 Be6 34. Bf3 Rc8 35. Rc1 Kg8 36. Re5 Qd6 37. Rxc5 Rxc5 38. Qxc5 Qxc5 39. Rxc5 Rd2 40. Rc6 a5 41. Rc5 Rxb2 42. Rxa5 Ra2 43. Rb5 Rxa4 44. Be4 Ra1+ 45. Kh2 Ra2 46. f4 gxf4 47. gxf4 Re2 48. Bd3 Rd2 49. Be4 b2 50. f5 Bc4 51. Rb4 Ba2 52. f6 Rd8 53. Rxb2 Be6 54. Rb4 Kf8 55. Kg3 Ke8 56. Kf4 Kd7 57. Ke5 Kc7 58. Rb7+ Kc8 59. Re7 Bb3 60. Bf5+ Kb8 61. Be4 Kc8 62. g4 Ba2 63. Bf5+ Kb8 64. Be4 Kc8 65. Ra7 Bb3 66. Bc6 Be6 67. Re7 Bc4 68. Ba4 Rd5+ 69. Ke4 Ra5 70. Be8 Bb3 71. Bxf7 Bc2+ 72. Kf4 Ra4+ 73. Kg3 Bd1 74. Be6+ Kd8 75. Rd7+ Ke8 76. f7+ Kf8 77. Rd8+ Ke7 78. f8=Q+ 1-0


[Site "https://www.chess.com"]